Map: Ultralove

Players

Kioelf - Winner!

  • Race: Protoss Protoss
  • League: Diamond
  • Spawn Location: 7:00

SubN

  • Race: Zerg Zerg
  • League: Diamond
  • Spawn Location: 1:00

VOD

Have the link to the VOD?

Description

Time

  • Played on: July 26, 2025, 9:28 p.m.
  • Length: 7:40
Show
View Real Time Build Order
Export as new Build Order

Kioelf Protoss - Winner!

Build Orders: Dark Templar Rush 

Get SALT Encoding   

  12  0:01  Probe  
  13  0:13  Probe  
  14  0:18  Pylon  
  14  0:25  Probe  
  15  0:37  Probe  
  15  0:38  Gateway  
  16  0:49  Probe  
  17  0:52  Assimilator  
  17  1:01  Probe  
  18  1:05  Assimilator  
  18  1:13  Probe  
  19  1:25  Probe  
  19  1:28  Cybernetics Core  
  19  1:29  Gateway  
  20  1:33  Probe  
  21  1:41  Probe  
  22  1:47  Pylon  
  22  2:05  Adept  
  24  2:09  Twilight Council  
  24  2:17  Adept  
  26  2:23  Warp Gate  
  26  2:29  Pylon  
  26  2:35  Adept  
  28  2:46  Adept  
  30  2:54  Dark Shrine, Pylon  
  30  3:24  Stalker  
  30  3:25  Stalker, Nexus  
  34  3:39  Gateway  
  34  3:47  Probe  
  35  4:00  Probe  
  36  4:12  Probe  
  31  4:22  Dark Templar x2  
  33  4:35  Dark Templar  
  28  4:48  Dark Templar  
  30  5:00  Dark Templar  
  32  5:12  Assimilator  
  32  5:16  Assimilator  
  32  5:23  Forge  
  32  5:32  Nexus  
  32  6:14  Stalker x2  
  32  6:15  Stalker  
  32  6:16  Probe x2  
  34  6:24  Probe x2  
  30  6:29  Gateway  
  32  6:33  Probe x2  
  32  6:36  Pylon  
  34  6:45  Probe x3  
  37  6:55  Zealot  
  37  6:57  Probe x3  
  37  6:58  Sentry  
  44  7:04  Pylon  
  44  7:09  Probe  
  44  7:10  Dark Templar  
  44  7:13  Probe x2  
  49  7:21  Probe  
  50  7:23  Photon Cannon  
  50  7:29  Stalker  
  52  7:35  Zealot  
  54  7:38  Zealot  
Show
View Real Time Build Order
Export as new Build Order

SubN Zerg 

Build Orders: Pool First 

Get SALT Encoding   

  12  0:00  Drone  
  13  0:12  Overlord  
  13  0:19  Drone  
  14  0:31  Drone x2  
  16  0:43  Spawning Pool  
  16  0:46  Drone  
  16  0:50  Drone  
  17  0:57  Extractor  
  16  1:05  Drone  
  17  1:19  Hatchery  
  16  1:32  Queen  
  16  1:37  Zergling x2  
  19  1:40  Zergling x2  
  19  1:44  Zergling x2  
  21  1:57  Roach Warren  
  20  2:05  Overlord  
  20  2:14  Metabolic Boost  
  20  2:19  Drone  
  20  2:22  Drone  
  22  2:42  Drone x5  
  26  2:56  Queen  
  28  3:01  Roach  
  29  3:09  Roach  
  29  3:10  Roach  
  32  3:22  Ravager  
  32  3:26  Roach  
  35  3:33  Overlord x2  
  35  3:53  Ravager  
  35  3:54  Roach x2  
  40  3:56  Zergling x2  
  40  3:57  Zergling x10  
  43  4:20  Zergling x2  
  43  4:22  Overlord x4  
  27  5:00  Lair  
  27  5:03  Spore Crawler  
  21  5:10  Roach, Spore Crawler  
  21  5:11  Roach  
  24  5:14  Zergling x2  
  24  5:15  Zergling x16  
  33  5:28  Roach  
  35  5:33  Drone x2, Spore Crawler  
  35  6:03  Overseer  
  30  6:14  Roach  
  30  6:24  Drone x12  
  40  6:35  Drone  
  41  6:41  Drone x2  
  41  6:46  Drone x2  
  45  6:49  Extractor  
  44  6:58  Evolution Chamber  
  43  7:03  Roach Warren, Evolution Chamber, Queen  
  43  7:13  Zergling x2  
  43  7:14  Zergling x8  
  48  7:21  Drone  
  48  7:22  Drone x2  
Tags
 
Matchup
PvZ
Opening
Pool First
Replay Pack
Multiplayer
Spawn Locations
Cross Positions
Add a new tag
Caveats
  • Supply blocks, unpowered buildings, or Contaminate may cause inaccurate times.
  • Supply counts are checked every 10 seconds.